 BcadrenCrawl: Boulder Brew version 0.06-744-gf22570f5e0 (webtiles) character file.

Game seed: 17264783996716839531

1649 LabCoat the Chopper (level 9, -7/108 HPs) Hill Orc Fighter. Began on Mar 7, 2023. Mangled by a guardian mummy ... wielding a +0 short sword (18 damage) ... on level 3 of the Dungeon. The game lasted 00:21:53 (3952 turns).

LabCoat the Chopper (Hill Orc Fighter)              Turns: 3952, Time: 00:21:53

Health: -7/108     AC: 14    Str: 22    XL:     9 ^: 2292
Magic:  9/9        EV: 10    Int:  8    God:
Gold:   138        SH:  5    Dex: 10    Spells: 8/8 levels left

rFire    + . .     Slash    .   a - +0 war axe
rCold    x . .     Pierce   .   (no weapon)
rNeg     . . .     Bludgeon .   q - +0 plate armour
rCorr    . . .     Vision   .   k - +0 helmet
rPois    +         Gourm    .   (no cloak)
rElec    .         Faith    .   (no gloves)
MR       .....     Spirit   .   (no boots)
HPRegen  0.46/turn Reflect  +   h - amulet of reflection
MPRegen  0.19/turn Harm     .   d - ring of fire
Stlth    ..........             s - ring of poison resistance (curse) {(Curse: MR-)}

@: hasted, very quick
A: soft flesh
a: no special abilities


You were on level 3 of the Dungeon.
You were not hungry.

You visited 1 branch of the dungeon, and saw 3 of its levels.

You collected 138 gold pieces.

Inventory:

Weapons
 a - a +0 war axe (weapon)
 l - a +0 halberd Shields
 c - a +0 heater shield
Armour
 k - a +0 helmet (worn)
 q - a +0 plate armour (worn)
Jewellery
 b - an uncursed ring of strength
 d - a ring of fire (left hand)
 h - an amulet of reflection (around neck)
 j - an uncursed ring of positive energy
 r - an uncursed ring of strength
 s - a cursed ring of poison resistance (right hand) {(Curse: MR-)}
 t - an uncursed amulet of faith
 u - a cursed ring of fire {(Curse: *Contam)}
 y - a cursed ring of strength {(Curse: MR-)}
Wands
 w - a wand of random effects (8)
Scrolls
 e - 2 scrolls of fog
 g - 6 scrolls of random uselessness
 n - a scroll of enchantment
 o - 2 scrolls of fear
 v - a scroll of teleportation
 B - a scroll of bless item
Potions
 i - a potion of brilliance
 p - a potion of mutation
Miscellaneous
 x - a phial of floods (inert)
Comestibles
 f - 20 rations
 z - 11 chunks of flesh


   Skills:
 * Level 7.6 Fighting
 * Level 7.7 Axes & Hammers
 * Level 6.1 Armour
 + Level 3.7 Dodging
 + Level 5.3 Shields
 * Level 0.0 Evocations


You had 8 spell levels left.
You didn't know any spells.
Your spell library contained the following spells:

 Spells                   Type           Power        Failure   Level  Hunger
 Bolt of Magma Fire/Erth 0 (200) 100% 5 320-480 Iskenderun's Battlesphe Chrm/Erth 0 (100) 100% 5 320-480 Iron Shot Erth 0 (200) 100% 6 440-660 Iskenderun's Icy Sphere Ice 0 (200) 100% 7 560-840 Spellforged Servitor Summ           0 (200)      100%        7    560-840


Dungeon Overview and Level Annotations

Branches:
Dungeon (3/8)

Altars:
Xom


Innate Abilities, Weirdness & Mutations

((Your soft flesh is weak to deep cuts.
Heavy manmade armour will nullify this weakness. (rSlashing-)))


Message History

Aiming: Random Effects Wand
Press: ? - help, Shift-Dir - straight line, f/p - guardian mummy
Aim: a guardian mummy, wielding a +0 short sword, wearing a +0 robe and wielding a +0 nunchaku (82%, 80% to-hit, lightly damaged (42/50), 96% (Melee))
The guardian mummy is unaffected.
Evoke which item? (* to show all) (? for menu, Esc to quit)
Aiming: Random Effects Wand
Press: ? - help, Shift-Dir - straight line, f/p - guardian mummy
Aim: a guardian mummy, wielding a +0 short sword, wearing a +0 robe and wielding a +0 nunchaku (83%, 81% to-hit, lightly damaged (42/50), 96% (Melee))
The mass of ice explodes!
The iceblast engulfs the guardian mummy (2).
The guardian mummy is moderately damaged. (40/50) HP The iceblast engulfs you but does no damage.
The iceblast engulfs your water elemental but does no damage.
Your water elemental is undamaged. (37/37) HP Your water elemental is flash-frozen.
You see some ice cracking.
Your water elemental is no longer encased in ice.
Your water elemental hits the guardian mummy (11)!
Your water elemental engulfs the guardian mummy in water!
The guardian mummy hits you with a +0 short sword (18)!!
You die...

#....#'#######.# ####.#.#
#.####
#.#.#######.#...#####
#.#.##...##'.###...#.
#.#.##.......#÷#.....
#####.#.##......#÷).#.##^
#.....#.##.......#[#..##.
#..>...}##.......###.###.
#.......@ME≈.##[#...## #.
#.#.#.#.##.≈.##.#.### #.
# ###.#.≈.....#.. ...
#.#.##.####.## ###
#.#.##.# .# #.#.##.# .#
#.#.##.# #.#.# .# #.# #


You could see a guardian mummy (engulfed) and a friendly water elemental
(summoned).

Vanquished Creatures
  A porcupine (D:3)
  A scorpion (D:3)
  4 big kobolds (D:2)
  2 llaibwcod (D:3)
  2 hounds (D:3)
  2 orc priests (D:3)
  4 jellies (D:2)
  3 orc wizards (D:3)
  2 worker ants (D:3)
  7 giant cockroaches
  7 adders
  2 gnolls
  35 sewer rats (D:2)
  8 cinder newts
  3 bullfrogs
  5 worms
  A hound zombie (D:3)
  A worker ant zombie (D:3)
  5 oozes
  A dart slug (D:1)
  4 leopard geckos
  6 orcs (D:3)
  4 adder skeletons
  An adder zombie (D:3)
  A cinder newt skeleton (D:2)
  2 goblins (D:1)
  4 hobgoblins (D:1)
  4 ball pythons
  5 bats (D:2)
  2 bat skeletons (D:2)
  16 kobolds
  A leopard gecko zombie (D:3)
  3 rats
  A rat skeleton (D:2)
  A bush (D:3)
  A withered plant (D:2)
152 creatures vanquished.

Vanquished Creatures (others)
  A giant cockroach (D:2)
  A leopard gecko (D:2)
  A bat (D:2)
  A ball python (D:2)
  6 kobolds (D:2)
  A bush (D:3)
  2 butterflies (D:2)
  3 giant blowflies (D:2)
  5 slimeheads (D:2)
  154 withered plants (D:2)
175 creatures vanquished.

Grand Total: 327 creatures vanquished

Notes
Turn   | Place    | Note
-------+----------+-------------------------------------------
     0 | D:1      | LabCoat the Hill Orc Fighter began the quest for the Orb.
     0 | D:1      | Reached XP level 1. HP: 29/29 MP: 1/1
    66 | D:1      | Reached XP level 2. HP: 23/39 MP: 2/2
   273 | D:1      | Reached XP level 3. HP: 33/49 MP: 3/3
   501 | D:1      | Reached skill level 1 in Dodging
   884 | D:2      | Reached XP level 4. HP: 55/59 MP: 4/4
  1007 | D:2      | Reached XP level 5. HP: 69/69 MP: 5/5
  1130 | D:2      | HP: 3/69 [acid (9)]
  1132 | D:2      | Reached skill level 5 in Fighting
  1133 | D:2      | Reached XP level 6. HP: 12/79 MP: 6/6
  1314 | D:2      | Reached skill level 5 in Axes & Hammers
  1450 | D:2      | Reached XP level 7. HP: 61/89 MP: 7/7
  2269 | D:2      | Reached XP level 8. HP: 99/99 MP: 8/8
  2471 | D:2      | Found a shimmering altar of Xom.
  2486 | D:2      | Reached skill level 5 in Armour
  3232 | D:3      | Reached skill level 5 in Shields
  3433 | D:3      | Identified a scroll of acquirement
  3880 | D:3      | Reached XP level 9. HP: 108/108 MP: 9/9
  3952 | D:3      | Mangled by a guardian mummy

Illustrated notes

Levels and vault maps discovered:
D:1:      dpeg_arrival_houses_and_road, layout_loops_ring, first_ration,
          kennysheep_minor_cross
D:2:      layout_sewer, xom_butterflies, minmay_tiny_reverse_x
D:3:      layout_basic, enter_ossuary_1, bcadren_nooodl_food_pyramid,
          kennysheep_small_spiral, minmay_hedge_maze, grunt_decor_one_mirror

Skill      XL: |  1  2  3  4  5  6  7  8 |
---------------+-------------------------+-----
Axes & Hammers | 3 4 5 6 7 |  7.7
Fighting       | 4 5 6 7 |  7.6
Dodging        | 1 2 3 |  3.7
Armour         | 4 6 |  6.1
Shields        | 4 5 |  5.3

Action                   |  1- 3 |  4- 6 |  7- 9 || total
-------------------------+-------+-------+-------++-------
Melee: War axe           |    18 |     5 |    47 ||    70
       Halberd           |    21 |    79 |   160 ||   260
       Unarmed           |       |     1 |    32 ||    33
Throw: Stone             |       |       |     6 ||     6
       Rusty metal       |       |       |     6 ||     6
       Skull             |       |       |     2 ||     2
       Bone              |       |       |     2 ||     2
Evoke: Wand              |       |       |     6 ||     6
       Phial of floods   |       |       |     1 ||     1
  Use: Potion            |       |     3 |     3 ||     6
       Scroll            |       |       |     1 ||     1
  Eat: Chunk             |       |     2 |     9 ||    11
Armor: Scale mail        |     4 |       |       ||     4
       Chain mail        |     3 |       |       ||     3
       Plate armour      |     5 |    82 |   138 ||   225
Dodge: Dodged            |     3 |    43 |    45 ||    91
Block: Heater shield     |     5 |       |       ||     5
       Other             |       |       |    27 ||    27
